 Dungeon Crawl Stone Soup version 0.26-a0-818-g75db068ed4 (console) character file.

Game seed: 5585935823600696766

21 jejorda2 the Vexing (level 2, 21/23 HPs)
             Began as a Palentonga Enchanter on Nov 14, 2020.
             Quit the game on level 1 of the Dungeon.
             The game lasted 00:03:36 (940 turns).

jejorda2 the Vexing (Palentonga Enchanter)           Turns: 940, Time: 00:03:37

Health: 21/23      AC:  4    Str: 11    XL:     2   Next: 65%
Magic:  5/5        EV: 10    Int: 15    God:
Gold:   24         SH:  0    Dex: 10    Spells: 2/5 levels left

rFire    . . .     SeeInvis +   a - +1 dagger
rCold    . . .     Faith    .   (no shield)
rNeg     . . .     Spirit   .   b - +0 robe
rPois    .         Reflect  .   (no helmet)
rElec    .         Harm     .   (no cloak)
rCorr    .         Rampage  .   (no gloves)
MR       .....                  (no barding)
Stlth    ++........             (no amulet)
HPRegen  0.07/turn              (no ring)
MPRegen  0.09/turn              (no ring)

@: no status effects
A: large, rugged brown scales 3, see invisible, deformed body, roll 1, armoured
tail
a: Rolling Charge


You were on level 1 of the Dungeon.
You visited 1 branch of the dungeon, and saw 1 of its levels.

You collected 24 gold pieces.

Inventory:

Hand Weapons
 a - a +1 dagger (weapon)
Armour
 b - a +0 robe (worn)
Scrolls
 e - 2 scrolls of identify {unknown}
Potions
 c - a potion of magic {unknown}
 d - a potion of heal wounds {unknown}


   Skills:
 + Level 0.9 Fighting
 * Level 2.0 Short Blades
 - Level 1.5 Dodging
 - Level 2.0 Stealth
 + Level 2.2 Spellcasting
 - Level 3.0 Hexes
 + Level 0.1 Ice Magic


You had 2 spell levels left.
You knew the following spells:

 Your Spells              Type           Power        Failure   Level
a - Ensorcelled Hibernat  Hex/Ice        #.....       17%         2
z - Corona                Hex            ##.....      6%          1

Your spell library contained the following spells:

 Spells                   Type           Power        Failure   Level
 Confusing Touch          Hex            ##......     19%         3
 Tukima's Dance           Hex            ##......     19%         3
 Dazzling Flash           Conj/Hex       #.....       34%         3


Dungeon Overview and Level Annotations

Branches:
Dungeon (1/15)

Altars:


Innate Abilities, Weirdness & Mutations

You are completely covered in rugged brown scales. (AC +3, +7% HP)
You have supernaturally acute eyesight. (SInv)
Armour fits poorly on your strangely shaped body.
You can roll at nearby foes to attack.
You have a long armoured tail.


Message History

You barely miss the kobold. The kobold hits you with a +0 dagger.
You hit the kobold.
The kobold is severely wounded.
A kobold comes into view.
The kobold shouts!
You hit the kobold.
You kill the kobold!
Your Short Blades skill increases to level 2!
The kobold closely misses you.
Items here: ) †.
You closely miss the kobold. The kobold hits you but does no damage.
You closely miss the kobold. The kobold barely misses you.
You hit the kobold but do no damage. You tail-slap the kobold.
You kill the kobold!
Items here: = †.
Items here: = †.
f - a cursed -4 ring of strength You drop a cursed -4 ring of strength.
Unknown command.
Are you sure you want to abandon this character and quit the game? (Confirm with "yes".)

#..#
#............###.....#.###.
#..#
##.#........#.#............
#).#
##.##.......##.#.#####..##.
.###...##...#### # #..##.
..>........## #.†##.
##.....#### #..##.
........)####### # #..##†
##(.........)..##.# #...).
#.......####@....# ##.##.
##...>.## #..#### #.##.
#....## #..# ..... ...###
#..# ##.... ### #..# #.###
#..# #. ##.# #. #.# #.#


There were no monsters in sight!

Vanquished Creatures
  A leopard gecko (D:1)
  3 bats (D:1)
  A giant cockroach (D:1)
  4 goblins (D:1)
  4 hobgoblins (D:1)
  3 kobolds (D:1)
  2 rats (D:1)
18 creatures vanquished.

Notes
Turn   | Place    | Note
-------+----------+-------------------------------------------
     0 | D:1      | jejorda2 the Palentonga Enchanter began the quest for the
                  | Orb.
     0 | D:1      | Reached XP level 1. HP: 14/14 MP: 3/3
   477 | D:1      | Reached XP level 2. HP: 16/23 MP: 1/5
   711 | D:1      | Learned a level 2 spell: Ensorcelled Hibernation
   940 | D:1      | Quit the game

Illustrated notes

Levels and vault maps discovered:
D:1:      ncdulo_smallfort, layout_loops_ring, minmay_door_square

Skill      XL: |  1  2 |
---------------+-------+-----
Short Blades   | 2 |  2.0
Fighting       | |  0.9
Dodging        | |  1.5
Stealth        | |  2.0
Spellcasting   | |  2.2
Hexes          | |  3.0
Ice Magic      | |  0.1

Action                   || total
-------------------------++-------
Melee: Dagger            ||    73
       Tailslap          ||     4
 Cast: Corona            ||     3
       Ensorcelled Hiber ||     3
 Abil: Rolling Charge    ||    15
Armor: Robe              ||    13
Dodge: Dodged            ||    33

Table legend: (Time is in decaauts)
 A = Elapsed time spent in this place.
 B = Non-inter-level travel time spent in this place.
 C = Inter-level travel time spent in this place.
 D = Time resting spent in this place.
 E = Time spent auto-exploring this place.
 F = Levels seen in this place.
 G = Mean time per level.
                   A        B        C        D        E       F      G
               +--------+--------+--------+--------+--------+-----+--------+
         Total |    935 |    935 |      0 |      0 |    806 |   1 |  935.0 |
       Dungeon |    935 |    935 |      0 |      0 |    806 |   1 |  935.0 |
               +--------+--------+--------+--------+--------+-----+--------+

Top non-repeatable levels by time:
     D:1: 935 daAuts
